 Dungeon Crawl Stone Soup version 0.29.0-4-gdea44cf6ec (webtiles) character file.

Game seed: 10683251390910437116

100 qw the Chopper (level 4, -1/26 HPs)
             Began as a Tengu Warper on Aug 28, 2022.
             Slain by Natasha (2 damage)
             ... on level 3 of the Dungeon.
             The game lasted 00:00:17 (2731 turns).

qw the Chopper (Tengu Warper)                       Turns: 2731, Time: 00:00:18

Health: -1/26      AC: 12    Str: 14    XL:     4   Next: 73%
Magic:  8/8        EV:  6    Int: 13    God:
Gold:   112        SH:  0    Dex: 13    Spells: 7/7 levels left

rFire   . . .      SeeInvis .   Y - +0 war axe
rCold   . . .      Faith    .   (no shield)
rNeg    . . .      Spirit   .   l - +0 chain mail
rPois   .          Reflect  .   (helmet restricted)
rElec   .          Harm     .   (no cloak)
rCorr   .          Rampage  .   (no gloves)
Will    .....                   (boots unavailable)
Stlth   ..........              (no amulet)
HPRegen 0.08/turn               e - +4 ring of protection
MPRegen 0.11/turn               (no ring)

@: about to teleport
A: beak, talons 3
a: no special abilities


You were on level 3 of the Dungeon.
You visited 1 branch of the dungeon, and saw 3 of its levels.

You collected 112 gold pieces.


Innate Abilities, Weirdness & Mutations

You have a beak for a mouth.
You have claws for feet.


   Skills:
 - Level 2.0 Fighting
 + Level 5.2 Axes
 - Level 1.0 Throwing
 - Level 1.1 Armour
 - Level 2.1 Dodging
 - Level 2.0 Spellcasting
 - Level 2.4 Translocations


You had 7 spell levels left.
You didn't know any spells.
Your spell library contained the following spells:

 Spells                   Type           Power      Damage    Failure   Level
 Blink                    Tloc           14%        N/A       99%         2
 Gell's Gravitas          Tloc           7%         N/A       100%        3
 Lesser Beckoning         Tloc           7%         N/A       100%        3
 Teleport Other           Tloc           7%         N/A       100%        3
 Manifold Assault         Tloc           7%         N/A       100%        5

Inventory:

Hand Weapons
 h - a +0 club
 Y - a +0 war axe (weapon)
Armour
 l - a +0 chain mail (worn)
Jewellery
 e - a +4 ring of protection (left hand)
Scrolls
 a - a scroll of fear {unknown}
 c - a scroll of magic mapping {unknown}
 f - a scroll of identify
Potions
 d - a potion of cancellation
 g - a potion of magic {unknown}
 i - a potion of mutation {unknown}
 k - a potion of degeneration {unknown}
 m - a potion of attraction {unknown}

Dungeon Overview and Level Annotations

Branches:
Dungeon (3/15)

Altars:
Wu Jian

Shops:
D:1 =

Annotations:
D:1 1 runed translucent door
D:3 1 runed translucent door, Natasha; qw's ghost, weakling TeWr


Message History

The hobgoblin is almost dead.
The hobgoblin barely misses you.
You slash the hobgoblin!
You kill the hobgoblin!
You hit the frilled lizard.
You kill the frilled lizard!
You see here a frilled lizard corpse.
An endoplasm comes into view.
The endoplasm quivers.
You hit the endoplasm. You claw the endoplasm.
You kill the endoplasm!
g - a red potion A hobgoblin comes into view.
It is wielding a +0 hand axe.
The hobgoblin shouts!
You hit the hobgoblin. Your peck misses the hobgoblin.
The hobgoblin is severely wounded.
The hobgoblin hits you with a +0 hand axe.
You hit the hobgoblin but do no damage. You claw the hobgoblin.
You kill the hobgoblin!
Things that are here:
a +0 hand axe; a hobgoblin corpse
Found an ornate altar of the Wu Jian Council.
Natasha, Servant of Life and Death comes into view.
She is carrying a wand of light (7).
Natasha hisses angrily.
Natasha casts a spell.
Enter note:
2725 ||| Stepping ~*~*~tactically~*~*~ (hiding).
You start waiting.
Natasha zaps a wand.
The bolt of light hits you!
You are confused.
Ouch! That really hurt!
You bump into the rock wall.
You feel less confused.
Natasha zaps a wand.
The bolt of light hits you!
The crimson imp blinks!
2730 ||| READING scroll of teleportation.
As you read the scroll of teleportation, it crumbles to dust.
You feel strangely unstable.
Found 4 stones.
Natasha claws you.
You die...

##.########.#####..###.####
##.# # #....# #.# ...#
#...## #.# #### ##.### #.#
# ##...## #.#
#.#.....####.#
#.5..........# ####
###.....###### ...# ##..@##
##.# ##.h# #.ยค# #..# #..#
#..# #..# #.(# ..


You could see Natasha and a crimson imp (summoned).

Vanquished Creatures
  3 adders
  8 endoplasms
  3 giant cockroaches
  8 hobgoblins
  3 jackals (D:1)
  5 quokkas
  7 ball pythons
  10 bats
  4 frilled lizards
  5 goblins
  5 kobolds
  5 rats
66 creatures vanquished.

Vanquished Creatures (others)
  6 plants (D:3)
6 creatures vanquished.

Grand Total: 72 creatures vanquished

Notes
Turn   | Place    | Note
-------+----------+-------------------------------------------
     0 | D:1      | qw the Tengu Warper began the quest for the Orb.
     0 | D:1      | Reached XP level 1. HP: 12/12 MP: 4/4
     0 | D:1      | 0 ||| qw: Version: 0.1-a-89-g26bdef1
     0 | D:1      | 0 ||| qw: Game counter: 2182
     0 | D:1      | 0 ||| qw: Always use a shield: true
     0 | D:1      | 0 ||| qw: God list: Okawaru
     0 | D:1      | 0 ||| qw: Allow faded altars: false
     0 | D:1      | 0 ||| qw: Do Orc after D:15 true
     0 | D:1      | 0 ||| qw: Do second Lair branch before Depths: true
     0 | D:1      | 0 ||| qw: Lair rune preference: random
     0 | D:1      | 0 ||| qw: Plans: Normal
     0 | D:1      | 0 ||| PLANNING D:1-11
     1 | D:1      | Found a runed translucent door.
    32 | D:1      | Found Udamuq's Jewellery Shop.
    43 | D:1      | 43 ||| SHOPLISTING +6 ring of dexterity (504 gold, have
                  | 12).
    43 | D:1      | 43 ||| SHOPLISTING amulet of reflection (420 gold, have
                  | 12).
    43 | D:1      | 43 ||| SHOPLISTING amulet of the acrobat (420 gold, have
                  | 12).
    43 | D:1      | 43 ||| SHOPLISTING ring of fire (350 gold, have 12).
    43 | D:1      | 43 ||| SHOPLISTING ring of ice (350 gold, have 12).
    87 | D:1      | 87 ||| Stepping ~*~*~tactically~*~*~ (stealth).
   280 | D:1      | Reached XP level 2. HP: 14/17 MP: 6/6
   286 | D:1      | Reached skill level 3 in Axes
   987 | D:1      | Reached XP level 3. HP: 21/21 MP: 7/7
  1014 | D:1      | 1014 ||| Stepping ~*~*~tactically~*~*~ (stealth).
  1016 | D:1      | 1016 ||| Stepping ~*~*~tactically~*~*~ (stealth).
  1079 | D:1      | Reached skill level 4 in Axes
  1229 | D:1      | 1229 ||| UPGRADING to +0 ring mail.
  1239 | D:1      | 1239 ||| DROPPING +0 leather armour.
  1240 | D:1      | 1240 ||| UPGRADING to +4 ring of protection.
  1241 | D:1      | 1241 ||| READING scroll labelled TOIDEI WOKOE.
  1342 | D:1      | 1342 ||| READING scroll labelled CECYSTRE REEVO.
  1343 | D:1      | 1343 ||| READING scroll labelled TUIMAS EQABEG.
  1470 | D:1      | 1470 ||| DRINKING 2 glowing blue potions.
  1471 | D:1      | 1471 ||| DROPPING scroll of blinking.
  1472 | D:1      | 1472 ||| DROPPING potion of brilliance.
  1477 | D:2      | Found an ornate altar of the Wu Jian Council.
  1481 | D:2      | 1481 ||| Stepping ~*~*~tactically~*~*~ (stealth).
  1516 | D:2      | 1516 ||| FLEEEEING.
  1517 | D:2      | 1517 ||| FLEEEEING.
  1518 | D:2      | 1518 ||| FLEEEEING.
  1519 | D:2      | 1519 ||| FLEEEEING.
  1520 | D:2      | 1520 ||| STAIRDANCE
  1639 | D:2      | 1639 ||| SWAPPING to +0 war axe.
  1640 | D:2      | 1640 ||| DROPPING +0 hand axe.
  1646 | D:2      | 1646 ||| Stepping ~*~*~tactically~*~*~ (stealth).
  1777 | D:2      | Reached XP level 4. HP: 26/26 MP: 8/8
  2144 | D:2      | You fall into a shaft and drop 1 floor!
  2262 | D:3      | 2262 ||| UPGRADING to +0 chain mail.
  2272 | D:3      | 2272 ||| DROPPING +0 ring mail.
  2273 | D:3      | 2273 ||| READING scroll labelled SOISHA MIG NYWN.
  2274 | D:3      | 2274 ||| READING scroll labelled PUGUSU RUURIM.
  2275 | D:3      | 2275 ||| READING scroll labelled TUHYXI KUESKICAT.
  2276 | D:3      | 2276 ||| READING scroll labelled CUNODOEFUM.
  2281 | D:3      | 2281 ||| READING 2 scrolls of identify.
  2281 | D:3      | 2281 ||| IDENTIFYING fuming white potion
  2418 | D:3      | Found a runed translucent door.
  2418 | D:3      | Noticed qw's ghost (weakling TeWr)
  2461 | D:3      | Reached skill level 5 in Axes
  2659 | D:3      | 2659 ||| Stepping ~*~*~tactically~*~*~ (stealth).
  2699 | D:3      | Found an ornate altar of the Wu Jian Council.
  2724 | D:3      | Noticed Natasha
  2725 | D:3      | 2725 ||| Stepping ~*~*~tactically~*~*~ (hiding).
  2729 | D:3      | HP: 1/26 [Natasha/bolt of light (9)]
  2730 | D:3      | 2730 ||| READING scroll of teleportation.
  2731 | D:3      | Slain by Natasha

Levels and vault maps discovered:
D:1:      dpeg_arrival_caged_fury, layout_basic, serial_shops, shop
D:2:      layout_rooms, basic_altar, st_stairs_14,
          chequers_serial_rivers_room_b, minmay_misc_feat_room
D:3:      layout_loops_ring, mainiacjoe_overflow_boulevard,
          ebering_ghost_sewer_d, grunt_ministairs_15, kennysheep_generic_room_6,
          uniq_natasha

Skill      XL: |  1  2  3  4 |
---------------+-------------+-----
Axes           | 3 4 5 |  5.2
Fighting       | |  2.0
Throwing       | |  1.0
Armour         | |  1.1
Dodging        | |  2.1
Spellcasting   | |  2.0
Translocations | |  2.4

Action                   |  1- 3 |  4- 6 || total
-------------------------+-------+-------++-------
Melee: Hand axe          |    71 |       ||    71
       Kick              |    20 |    16 ||    36
       Peck              |     5 |     6 ||    11
       War axe           |    17 |    58 ||    75
Throw: Boomerang         |     7 |       ||     7
  Use: Scroll            |     3 |     6 ||     9
       Potion            |     1 |       ||     1
Armor: Leather armour    |    12 |       ||    12
       Ring mail         |    16 |    15 ||    31
       Chain mail        |       |     9 ||     9
Dodge: Dodged            |    56 |    20 ||    76

Table legend:
 A = Non-vault XP
 B = Vault XP
 C = Vault XP percentage of total XP
 D = Non-vault monster count
 E = Vault monster count
 F = Vault count percentage of total count
                 A         B        C        D         E       F
            +---------+---------+-------+---------+---------+-------
      Total |     137 |       6 |   4.2 |      63 |       3 |   4.5
            +---------+---------+-------+---------+---------+-------
        D:1 |      45 |       0 |   0.0 |      29 |       0 |   0.0
        D:2 |      52 |       4 |   7.1 |      19 |       2 |   9.5
        D:3 |      40 |       2 |   4.8 |      15 |       1 |   6.2
            +---------+---------+-------+---------+---------+-------
